Map: Site Delta LE

Players

BigJohnson - Winner!

  • Race: Terran Terran
  • League: Silver
  • Spawn Location: 5:00

thecav

  • Race: Terran Terran
  • Spawn Location: 11:00

VOD

Have the link to the VOD?

Description

Time

  • Played on: Nov. 17, 2024, 7:05 a.m.
  • Length: 14:57
Show
View Real Time Build Order
Export as new Build Order

BigJohnson Terran - Winner!

Build Orders:  

Get SALT Encoding   

  12  0:00  SCV  
  13  0:12  SCV  
  14  0:17  Supply Depot  
  14  0:24  SCV  
  15  0:38  SCV  
  15  0:40  Barracks  
  16  0:46  Refinery  
  16  0:50  SCV  
  17  1:02  SCV  
  18  1:15  SCV  
  19  1:27  SCV  
  19  1:32  Command Center  
  20  1:33  Marine  
  20  1:39  SCV  
  22  1:50  Marine  
  23  1:58  Supply Depot  
  23  2:19  Marine, SCV  
  25  2:30  Refinery  
  25  2:35  Barracks, Orbital Command  
  25  2:40  Marine  
  26  2:46  Orbital Command  
  26  2:52  Supply Depot  
  26  3:03  SCV  
  26  3:04  Barracks Tech Lab  
  27  3:21  SCV  
  27  3:23  SCV  
  29  3:33  SCV  
  30  3:40  Marauder  
  32  3:44  Barracks Reactor  
  32  3:47  Factory, SCV x2  
  34  4:09  Marauder  
  35  4:13  SCV x2  
  35  4:14  Supply Depot  
  37  4:22  Marine x2  
  39  4:25  SCV  
  39  4:26  Stimpack, SCV  
  41  4:36  Marauder  
  41  4:37  Engineering Bay  
  41  4:38  SCV x2  
  45  4:43  Supply Depot  
  45  4:44  Marine x2  
  47  4:46  Factory Tech Lab  
  47  4:52  Starport  
  47  4:57  Marauder  
  47  4:58  SCV x2  
  51  5:06  Barracks  
  51  5:10  SCV x2  
  51  5:12  Terran Infantry Weapons Level 1  
  53  5:19  Supply Depot, Engineering Bay  
  53  5:27  Siege Tank  
  56  5:31  Marine  
  56  5:32  Marauder, Marine  
  60  5:37  Starport Reactor  
  60  5:44  Missile Turret  
  60  5:47  Missile Turret  
  60  5:52  SCV x2  
  60  5:53  Missile Turret  
  60  5:56  Refinery x2  
  62  6:00  Missile Turret  
  62  6:03  Missile Turret  
  65  6:04  Siege Tank, SCV  
  65  6:07  Supply Depot  
  65  6:08  Marauder, Marine  
  65  6:10  Barracks Reactor  
  69  6:19  Factory, SCV x2  
  71  6:28  Viking  
  71  6:31  Viking  
  75  6:37  Supply Depot  
  75  6:47  Siege Tank  
  75  6:51  Marauder, Marine x4  
  84  6:59  Viking  
  84  7:00  Supply Depot, SCV  
  84  7:01  Viking, SCV  
  90  7:08  Combat Shield  
  90  7:14  Armory  
  90  7:16  Armory  
  90  7:24  Supply Depot  
  90  7:28  SCV x2  
  92  7:43  Command Center  
  92  7:47  Supply Depot  
  76  8:07  Siege Tank  
  76  8:08  Marauder, Marine x4  
  76  8:10  Viking x2  
  82  8:20  Refinery  
  82  8:24  SCV x2  
  82  8:25  Refinery  
  82  8:26  Supply Depot  
  84  8:28  Marine x4  
  84  8:29  Marauder  
  84  8:31  Factory Tech Lab  
  90  8:36  SCV x2  
  90  8:38  Barracks  
  92  8:45  Marine  
  93  8:48  SCV x2  
  93  8:50  Supply Depot  
  95  9:01  SCV  
  96  9:07  Command Center, Terran Infantry Weapons Level 2  
  96  9:11  Terran Infantry Armor Level 1  
  96  9:13  Terran Vehicle Weapons Level 1  
  96  9:14  Terran Vehicle And Ship Armor Level 1  
  96  9:25  Orbital Command, SCV x2  
  96  9:29  Supply Depot  
  100  9:31  Marauder, Marine  
  100  9:33  Marine  
  100  9:34  Marine  
  100  9:35  Marine  
  100  9:37  SCV  
  105  9:44  Medivac x2  
  109  9:51  Siege Tank x2  
  106  10:07  Marauder, Marine x4  
  108  10:14  Medivac x2  
  112  10:24  SCV x3  
  115  10:29  Supply Depot x2  
  115  10:33  Orbital Command  
  115  10:34  Refinery  
  111  10:52  Marauder, Marine x4  
  111  10:55  Barracks  
  111  10:56  Barracks Reactor  
  109  11:02  SCV x3  
  109  11:03  SCV  
  113  11:08  Refinery  
  113  11:10  Marine x2, Terran Vehicle Weapons Level 2  
  113  11:11  Terran Vehicle And Ship Armor Level 2  
  115  11:14  Marauder, SCV x3  
  115  11:15  SCV  
  121  11:18  Supply Depot  
  121  11:51  Marauder, Marine x3  
  121  11:52  Marine x3  
  121  11:53  Barracks Reactor  
  121  11:54  SCV x3  
  132  12:13  Marine x2  
  132  12:14  Marauder, Marine x4  
  140  12:15  Siege Tank  
  140  12:16  Siege Tank  
  140  12:17  Viking x2  
  130  13:01  Viking  
  130  13:02  Viking  
  130  13:03  Siege Tank x2  
  130  13:05  Marauder, Marine x5  
  137  13:06  Marine x3  
  127  13:23  Marine x5  
  127  13:27  Marauder  
  125  13:35  Siege Tank x2  
  110  14:05  Marauder, Marine x6  
  110  14:06  Marine x2  
  110  14:08  Siege Tank x2  
  110  14:09  Viking x2  
  130  14:23  Marine x7  
  137  14:26  Marauder  
  139  14:39  SCV x4  
Show
View Real Time Build Order
Export as new Build Order

thecav Terran 

Build Orders:  

Get SALT Encoding   

  12  0:00  SCV  
  13  0:12  SCV  
  14  0:19  Supply Depot  
  14  0:24  SCV  
  15  0:32  Refinery  
  15  0:41  SCV  
  16  0:46  Barracks  
  16  0:53  SCV  
  17  1:14  SCV  
  18  1:33  Orbital Command  
  18  1:38  Command Center  
  18  1:48  Barracks Tech Lab  
  18  2:01  Supply Depot, SCV  
  19  2:11  Combat Shield  
  19  2:13  SCV  
  20  2:25  SCV  
  20  2:27  Marine  
  22  2:39  SCV  
  23  2:45  Marine  
  23  2:50  Orbital Command  
  24  2:54  SCV  
  25  3:03  Marine  
  26  3:06  SCV  
  26  3:10  Barracks  
  26  3:12  Barracks  
  27  3:16  SCV  
  28  3:20  Marine  
  29  3:28  SCV  
  30  3:35  Factory  
  30  3:38  Marine  
  30  3:40  SCV  
  32  3:52  SCV  
  33  3:56  Marine  
  33  3:59  Supply Depot  
  33  4:10  SCV  
  33  4:14  Marine  
  33  4:16  Barracks Reactor  
  35  4:17  Barracks Reactor  
  35  4:22  Supply Depot  
  35  4:23  SCV  
  35  4:24  Supply Depot  
  36  4:28  Factory Tech Lab  
  36  4:36  Barracks  
  36  4:39  SCV  
  37  4:47  Bunker  
  37  4:50  Siege Tank  
  37  4:51  SCV  
  41  4:54  Marine  
  42  5:01  Marine  
  42  5:02  Reaper x2  
  45  5:12  Marine  
  46  5:19  Marine  
  47  5:24  Barracks  
  47  5:28  SCV  
  48  5:29  Marine  
  48  5:33  SCV  
  48  5:34  Marine  
  51  5:37  Marine  
  51  5:38  Refinery  
  51  5:40  SCV  
  53  5:45  Marine x2, SCV  
  53  5:48  Marauder  
  58  5:50  Siege Tank  
  58  5:52  Marine  
  58  5:54  Marine  
  63  6:03  Marine x2  
  65  6:09  Marauder  
  65  6:10  Marine  
  68  6:12  Marine  
  68  6:16  SCV  
  70  6:24  Supply Depot  
  70  6:25  Supply Depot  
  70  6:45  Marine x2  
  70  6:46  Marauder, Supply Depot, SCV  
  75  6:49  Supply Depot  
  75  6:54  Barracks Tech Lab  
  75  6:56  Barracks Reactor  
  75  6:58  SCV  
  76  7:07  Marine  
  77  7:09  Siege Tank  
  77  7:10  SCV  
  81  7:16  SCV  
  81  7:22  Refinery  
  82  7:38  Marine  
  82  7:39  Marauder, Marine  
  82  7:40  Marauder, Marine x4  
  82  7:41  Siege Tank  
  93  7:55  SCV, Refinery  
  93  7:56  Marine x2  
  93  7:58  Marine x4  
  95  8:00  SCV  
  95  8:01  Marauder x2  
  94  8:07  SCV  
  94  8:12  SCV  
  85  8:14  Marine x2  
  83  8:20  SCV  
  83  8:22  Marauder x2  
  83  8:24  Siege Tank, SCV  
  91  8:29  Marine x2  
  91  8:30  Marine x2  
  91  8:32  Marine x2  
  97  8:36  Supply Depot  
  97  8:37  Supply Depot  
  97  8:42  SCV  
  97  8:44  Marauder x2  
  97  8:47  Marine x3  
  97  8:48  Marine  
  105  8:55  SCV  
  107  8:56  Siege Tank  
  107  9:00  Supply Depot  
  110  9:04  Supply Depot  
  110  9:05  Marauder x2  
  114  9:26  Marauder  
  114  9:27  Marauder  
  114  9:29  Marine  
  114  9:30  Marine x4  
  123  9:31  Marine  
  123  9:36  Supply Depot  
  124  9:38  Supply Depot  
  124  9:45  Siege Tank  
  127  9:47  Marine x3  
  127  9:48  Marauder x2, Marine x2  
  127  9:49  Marine  
  133  9:59  Supply Depot  
  126  10:02  Supply Depot  
  97  10:09  Marauder x2  
  91  10:17  Siege Tank  
  94  10:22  Supply Depot  
  94  10:26  Supply Depot  
  94  10:29  Starport  
  94  10:31  Marauder x2  
  98  10:49  Siege Tank  
  99  10:52  Marauder x2  
  99  11:07  Marine  
  99  11:08  Marine x5  
  105  11:13  Marine x2  
  107  11:21  Siege Tank  
  107  11:25  Marine x2  
  110  11:26  Viking, Marine  
  110  11:31  Marine  
  116  11:39  Stimpack  
  116  11:48  Marine  
  116  11:53  Siege Tank  
  120  11:56  Viking  
  120  11:58  Starport  
  122  12:06  Marine  
  123  12:26  Viking, Siege Tank  
  100  12:56  Viking  
  66  13:26  Viking  
  56  13:48  Marine x2  
  54  13:49  Marine x3  
  48  13:58  Marine  
  43  14:05  Marine  
  43  14:06  Marine  
  43  14:07  Marine  
  46  14:16  Marine  
  41  14:24  Marine  
Tags
 
League
Silver
Matchup
TvT
Race
Terran
Spawn Locations
Cross Positions
Add a new tag
Caveats
  • Supply blocks, unpowered buildings, or Contaminate may cause inaccurate times.
  • Supply counts are checked every 10 seconds.